 Dungeon Crawl Stone Soup version 0.29-a0-824-gd827844252 (webtiles) character file.

Game seed: 7366909932710892667

7847 jimonade the Skirmisher (level 11, -25/81 HPs)
             Began as a Djinni Brigand on July 10, 2022.
             Was an Elder of Okawaru.
             Annihilated by a two-headed ogre
             ... wielding the +10 dark maul {vorpal}
              (65 damage)
             ... on level 9 of the Dungeon.
             The game lasted 00:25:55 (9689 turns).

jimonade the Skirmisher (Djinni Brigand)            Turns: 9689, Time: 00:25:56

Health: -25/81     AC:  8    Str: 10    XL:     11   Next: 44%
Gold:   522        EV: 14    Int: 12    God:    Okawaru [****..] SH:  5 Dex: 20

rFire   + + +      SeeInvis .   n - +9 sling "Empiutha" {venom, Fragile +Blink rElec Will+}
rCold   x . .      Faith    .   (no shield)
rNeg    + . .      Spirit   .   Y - +0 steam dragon scales
rPois   ∞          Reflect  +   (no helmet)
rElec   +          Harm     .   c - +0 cloak
rCorr   .          Rampage  .   v - +1 pair of gloves
Will    ++...                   (boots unavailable)
Stlth   ++++......              O - amulet of reflection
HPRegen 0.23/turn               r - ring of positive energy
MPRegen 0.00/turn               P - ring of protection from fire

@: flying
A: sickness immunity, fire resistance 2, cold vulnerability 1, float, innate
caster, HP casting, extra vitality 1
a: Renounce Religion, Evoke Blink, Heroism, Finesse


You were on level 9 of the Dungeon.
You worshipped Okawaru.
Okawaru was greatly pleased with you.
You visited 2 branches of the dungeon, and saw 10 of its levels.

You collected 544 gold pieces.
You spent 22 gold pieces at shops.

Inventory:

Hand Weapons
 a - a +2 dagger
 l - a +0 spear of venom
 n - the +9 sling "Empiutha" (weapon) {venom, Fragile +Blink rElec Will+}
   (You found it on level 2 of the Dungeon)

   Any ammunition fired from it poisons the flesh of those it strikes.
   rElec:     It insulates you from electricity.
   +Blink:    It lets you blink.
   Fragile:   It will be destroyed if unequipped.
   Will:      It increases your willpower.
 B - the +10 dagger of Mepleh {drain, Fragile rPois Str+2}
   (You found it on level 7 of the Dungeon)

   A truly terrible weapon, it drains the life of any living foe it strikes.
   Str:       It affects your strength (+2).
   rPois:     It protects you from poison.
   Fragile:   It will be destroyed if unequipped.
 D - a +4 quarterstaff of chaos
 M - a +2 shortbow of freezing
 Q - a +4 halberd
 W - a +5 scimitar
Missiles
 d - 31 poisoned darts
 e - 6 curare-tipped darts
 g - 3 javelins
 H - 4 throwing nets
Armour
 c - a +0 cloak (worn)
 h - a +0 robe
 m - a +0 chain mail
 v - a +1 pair of gloves (worn)
 x - a +0 ring mail
 E - a +0 cloak
 R - a +3 ring mail
 V - the +10 plate armour "Patza" {-Cast Will+ Regen+ Dex+6}
   (You found it on level 8 of the Dungeon)

   Dex:       It affects your dexterity (+6).
   -Cast:     It prevents spellcasting.
   Regen:     It increases your rate of health regeneration.
   Will:      It increases your willpower.
 Y - +0 steam dragon scales (worn)
Jewellery
 r - a ring of positive energy (left hand)
 u - a ring of fire
 O - an amulet of reflection (around neck)
 P - a ring of protection from fire (right hand)
 T - a +6 ring of strength
Wands
 C - a wand of digging (8)
 L - a wand of paralysis (4)
 N - a wand of iceblast (4)
Scrolls
 b - 2 scrolls of identify
 i - 3 scrolls of magic mapping {unknown}
 j - a scroll of vulnerability {unknown}
 o - 4 scrolls of teleportation {unknown}
 p - 2 scrolls of amnesia {unknown}
 t - 3 scrolls of fear
 w - 3 scrolls of enchant armour {unknown}
 y - a scroll of noise {unknown}
 G - a scroll of fog {unknown}
 J - a scroll of blinking {unknown}
 S - a scroll of acquirement {unknown}
Potions
 f - 4 potions of curing
 k - 3 potions of haste
 q - 2 potions of resistance
 s - 2 potions of brilliance
 z - a potion of invisibility
 A - 3 potions of mutation
 F - 2 potions of ambrosia
 I - 2 potions of attraction
 K - a potion of cancellation
 U - 2 potions of lignification {unknown}


   Skills:
 * Level 8.1 Fighting
 + Level 2.5 Short Blades
 + Level 9.1 Ranged Weapons
 + Level 2.1 Throwing
 + Level 3.8 Dodging
 * Level 7.3 Stealth
 + Level 1.1 Shields
 * Level 4.6 Spellcasting


You had 6 spell levels left.
You knew the following spells:

 Your Spells              Type           Power      Damage    Failure   Level
a - Slow                  Hex            56%        N/A       3%          1
b - Poisonous Vapours     Pois/Air       28%        N/A       4%          2
c - Ensorcelled Hibernat  Hex/Ice        28%        N/A       4%          2
d - Ozocubu's Armour      Ice            14%        N/A       9%          3
e - Blade Hands           Tmut           7%         N/A       63%         5
Your spell library was empty.

Dungeon Overview and Level Annotations

Branches:
Dungeon (9/15)             Temple (1/1) D:4
   Lair: D:8-11         Orc: D:9-12

Altars:
Ashenzari
Cheibriados
Dithmenos
Elyvilon
Fedhas
Gozag
Hepliaklqana
Makhleb
Nemelex Xobeh
Okawaru
Qazlal
Ru
Trog
Uskayaw
Wu Jian
Xom
Yredelemnul
Zin
The Shining One

Shops:
D:2 ?   D:8 *

Annotations:
D:9 Maggie


Innate Abilities, Weirdness & Mutations

You are immune to sickness and miasma.
You are immune to poison.
Your flesh is very heat resistant. (rF++)
You are vulnerable to cold. (rC-)
You float through the air rather than walking.
You learn spells naturally, not from books.
Your magical power is your life essence.
You have superior vitality. (+4 MHP)


Message History

You shoot a sling bullet.
The sling bullet hits the two-headed ogre.
The two-headed ogre is poisoned.
The two-headed ogre is lightly wounded.
You shoot a sling bullet.
The sling bullet hits the two-headed ogre!
The two-headed ogre is moderately wounded.
You shoot a sling bullet.
The sling bullet hits the two-headed ogre.
The two-headed ogre looks as sick as possible!
The two-headed ogre is moderately wounded.
You shoot a sling bullet.
The sling bullet hits the two-headed ogre.
The two-headed ogre is moderately wounded.
An orc warrior comes into view. It is wielding a +0 glaive.
The two-headed ogre hits you with the +10 dark maul {vorpal}!!
The two-headed ogre hits you with a +0 giant spiked club.
Maggie the Vainglorious comes into view.
She is wielding a +0 halberd and carrying a wand of quicksilver (8).
You are too injured to fight recklessly!
Unknown command.
You are too injured to fight recklessly!
Really attack while wielding the +9 sling "Empiutha" {venom, Fragile +Blink rElec Will+}? [Y]es or [N]o only, please.
Really attack while wielding the +9 sling "Empiutha" {venom, Fragile +Blink rElec Will+}? [Y]es or [N]o only, please.
Really attack while wielding the +9 sling "Empiutha" {venom, Fragile +Blink rElec Will+}? [Y]es or [N]o only, please.
Really attack while wielding the +9 sling "Empiutha" {venom, Fragile +Blink rElec Will+}? [Y]es or [N]o only, please.
Really attack while wielding the +9 sling "Empiutha" {venom, Fragile +Blink rElec Will+}?
Okay, then.
Fire: n) +9 sling "Empiutha" {venom, Fragile +Blink rElec Will+}
Press: ? - help, Q - select action, (/) - cycle Shift-Dir - straight line, f/p - two-headed ogre
Aim: a two-headed ogre, wielding the +10 dark maul {vorpal} and a +0 giant spiked club (moderately wounded, extremely poisoned, 83% to hit)
You shoot a sling bullet.
The sling bullet hits the two-headed ogre.
The two-headed ogre is heavily wounded.
The two-headed ogre hits you with the +10 dark maul {vorpal}!!!
Ouch! That really hurt!
You die...

###########
.......'..#
#@O@..#
##########
#..#..#
#.....#..#
#.)#..#
#)≈≈≈≈'...
#..#).#
#....(#...
#./#..#
##########
#..#..#
#..#..#
..$#..#
######''##


You could see Maggie and a two-headed ogre (extremely poisoned).

Vanquished Creatures
  Harold (D:9)
  3 two-headed ogres
  The ghost of zhov the Skirmisher, a novice DsHu of Yredelemnul (D:9)
  A hornet (D:8)
  Sigmund (D:6)
  A shadow (D:9)
  3 yaks (D:8)
  A steam dragon (D:7)
  An acid dragon (D:5)
  A water moccasin (D:5)
  3 ice beasts
  A sky beast (D:8)
  3 black bears
  3 orc warriors (D:6)
  An ogre (D:4)
  A centaur (D:6)
  2 phantoms
  2 kobold brigands
  2 bullfrogs
  A necrophage (D:4)
  4 scorpions
  9 wights
  10 killer bees (D:7)
  3 howler monkeys
  5 hounds
  Crazy Yiuf (D:4)
  4 orc priests
  2 jellies
  2 gnoll boudas
  3 iguanas
  5 orc wizards
  7 adders
  10 gnolls
  A white imp (D:5)
  4 ufetubi
  A worm (D:2)
  2 dart slugs
  23 orcs
  8 ball pythons
  8 bats
  2 endoplasms
  3 giant cockroaches
  7 goblins
  8 hobgoblins
  9 jackals
  3 quokkas
  A frilled lizard (D:3)
  15 kobolds
  6 rats
199 creatures vanquished.

Notes
Turn   | Place    | Note
-------+----------+-------------------------------------------
     0 | D:1      | jimonade the Djinni Brigand began the quest for the Orb.
     0 | D:1      | Reached XP level 1. HP: 18/18 MP: 0/0
   632 | D:1      | Reached XP level 2. HP: 23/23 MP: 0/0
  1053 | D:1      | Found a faded altar of an unknown god.
  1108 | D:1      | Reached XP level 3. HP: 23/28 MP: 0/0
  1108 | D:1      | Learned a level 1 spell: Slow
  1775 | D:2      | Reached XP level 4. HP: 10/33 MP: 0/0
  2168 | D:2      | Identified the +9 sling "Empiutha" {venom, Fragile +Blink
                  | rElec Will+}
  2412 | D:2      | Found Welipur's Magic Scroll Shoppe.
  2420 | D:2      | Bought a scroll of identify for 22 gold pieces
  2855 | D:2      | Reached XP level 5. HP: 38/39 MP: 0/0
  2855 | D:2      | Learned a level 2 spell: Poisonous Vapours
  3487 | D:3      | Found a faded altar of an unknown god.
  3492 | D:3      | Found a stormy altar of Qazlal.
  3667 | D:4      | Found a runed translucent door.
  3668 | D:4      | Noticed Crazy Yiuf
  3686 | D:4      | Found a glowing golden altar of the Shining One.
  3706 | D:4      | Reached skill level 1 in Ranged Weapons
  3746 | D:4      | Reached XP level 6. HP: 37/45 MP: 0/0
  4098 | D:4      | Reached skill level 2 in Ranged Weapons
  4208 | D:4      | Noticed an ogre
  4211 | D:4      | Killed an ogre
  4212 | D:4      | Reached skill level 1 in Spellcasting
  4212 | D:4      | Reached XP level 7. HP: 50/50 MP: 0/0
  4212 | D:4      | Learned a level 2 spell: Ensorcelled Hibernation
  4502 | D:4      | Found a staircase to the Ecumenical Temple.
  4511 | D:4      | Reached skill level 3 in Ranged Weapons
  4518 | Temple   | Entered the Ecumenical Temple
  4632 | D:4      | Killed Crazy Yiuf
  4695 | D:5      | Entered Level 5 of the Dungeon
  4715 | D:5      | Noticed a water moccasin
  4717 | D:5      | Killed a water moccasin
  4718 | D:5      | Reached skill level 5 in Stealth
  4722 | D:5      | Reached XP level 8. HP: 58/58 MP: 0/0
  5258 | D:5      | Reached skill level 4 in Ranged Weapons
  5689 | D:5      | Noticed a +0 short sword
  5689 | D:5      | Noticed a +0 falchion
  5692 | D:5      | Noticed a +0 spear
  5702 | D:5      | Found a hide-covered altar of Uskayaw.
  5712 | D:5      | Noticed a +0 dagger
  5712 | D:5      | Noticed a +0 short sword
  5716 | D:5      | Noticed a +0 spear
  5718 | D:5      | Noticed a +0 dagger
  5719 | D:5      | Noticed a +0 falchion
  6081 | D:6      | Found a bloodstained altar of Trog.
  6082 | D:6      | Noticed Sigmund
  6125 | D:6      | Killed Sigmund
  6126 | D:6      | Reached skill level 5 in Fighting
  6126 | D:6      | Reached skill level 5 in Ranged Weapons
  6126 | D:6      | Reached XP level 9. HP: 35/65 MP: 0/0
  6126 | D:6      | Learned a level 3 spell: Ozocubu's Armour
  6515 | D:6      | Found a basalt altar of Yredelemnul.
  7025 | D:6      | Reached skill level 6 in Ranged Weapons
  7495 | D:6      | Found an iron altar of Okawaru.
  7497 | D:6      | Found a blossoming altar of Fedhas.
  7550 | D:6      | Found a broken altar of Ashenzari.
  7601 | D:6      | Became a worshipper of Warmaster Okawaru
  7714 | D:7      | Identified the +10 dagger of Mepleh {drain, Fragile rPois
                  | Str+2}
  7723 | D:7      | Reached XP level 10. HP: 60/73 MP: 0/0
  8135 | D:7      | Reached skill level 7 in Ranged Weapons
  8173 | D:7      | Reached * piety under Okawaru
  8236 | D:7      | Found a large runed translucent door.
  8237 | D:7      | Found a large runed translucent door.
  8498 | D:7      | Found a shadowy altar of Dithmenos.
  8509 | D:7      | Found a burning altar of Makhleb.
  8560 | D:8      | Found Xate's Assorted Antiques.
  8634 | D:8      | Identified the +10 plate armour "Patza" {-Cast Will+ Regen+
                  | Dex+6}
  8728 | D:8      | Found a white marble altar of Elyvilon.
  8745 | D:8      | Reached ** piety under Okawaru
  8972 | D:8      | Noticed a two-headed ogre
  8979 | D:8      | Killed a two-headed ogre
  8980 | D:8      | Reached skill level 8 in Ranged Weapons
  9050 | D:9      | Reached XP level 11. HP: 44/79 MP: 0/0
  9050 | D:9      | Learned a level 5 spell: Blade Hands
  9233 | D:9      | Noticed Harold
  9250 | D:9      | Killed Harold
  9250 | D:9      | Reached *** piety under Okawaru
  9443 | D:9      | Found a runed translucent door.
  9448 | D:9      | Noticed zhov's ghost (novice DsHu)
  9469 | D:9      | Killed zhov's ghost
  9470 | D:9      | Reached skill level 1 in Shields
  9665 | D:9      | Noticed a two-headed ogre
  9670 | D:9      | Killed a two-headed ogre
  9671 | D:9      | Reached skill level 9 in Ranged Weapons
  9678 | D:9      | Noticed a two-headed ogre
  9684 | D:9      | Killed a two-headed ogre
  9684 | D:9      | Reached **** piety under Okawaru
  9684 | D:9      | Noticed a two-headed ogre
  9688 | D:9      | Noticed Maggie
  9689 | D:9      | Annihilated by a two-headed ogre

Illustrated notes

Levels and vault maps discovered:
D:1:      wander_arrival_estate, layout_basic,
          shapermc_ecumenical_altar_flowoftime, hex_medium
D:2:      minmay_general_purpose_star, layout_loops_corners, serial_shops,
          nicolae_shop_advertising_works [nicolae_subvault_shop_adworks]
D:3:      layout_loops_ring, nicolae_overflow_ecumenical_swirl,
          minmay_misc_feat_nine_boxes
D:4:      layout_basic, tso_oasis_becter, minmay_temple_entry_poolview,
          serial_rivers, chequers_serial_rivers_small_a,
          chequers_serial_rivers_micro_e, chequers_serial_rivers_room_a,
          chequers_serial_rivers_micro_e, chequers_serial_rivers_micro_d,
          chequers_serial_rivers_marsh, dreamdust_princess_bridge,
          uniq_crazy_yiuf_cottage
D:5:      layout_basic, nicolae_uskayaw_en_pointe, kennysheep_generic_room_12
D:6:      layout_loops_corners, gammafunk_temple_overflow_forgotten,
          trog_three_pillars_becter, jmf_multi_god_temple, uniq_sigmund
D:7:      layout_basic, jmf_multi_god_temple2
D:8:      layout_gridville, elyvilon_altar_4, ebering_ghost_rock_garden,
          serial_shops, nicolae_shop_statue_plus
D:9:      layout_loops_ring, ebering_ghost_reflecting_pool,
          hellmonk_guarded_unrand_dark_maul, uniq_maggie, uniq_harold
Temple:   eino_wide_crystal_templ

Skill      XL: |  1  2  3  4  5  6  7  8  9 10 11 |
---------------+----------------------------------+-----
Short Blades   | 2 |  2.5
Stealth        | 4 5 6 7 |  7.3
Throwing       | 2 |  2.1
Ranged Weapons | 1 2 3 5 6 8 9 |  9.1
Dodging        | 2 3 |  3.8
Fighting       | 3 4 5 6 7 8 |  8.1
Spellcasting   | 1 2 3 4 |  4.6
Shields        | 1 |  1.1

Action                   |  1- 3 |  4- 6 |  7- 9 | 10-12 || total
-------------------------+-------+-------+-------+-------++-------
Melee: Dagger            |   105 |     8 |       |       ||   113
       Sling             |       |       |       |     1 ||     1
 Fire: Sling             |       |    91 |   219 |   178 ||   488
Throw: Dart              |    14 |       |       |       ||    14
  Use: Scroll            |       |       |    11 |       ||    11
 Stab: Sleeping          |     2 |     1 |       |       ||     3
       Distracted        |     1 |       |       |       ||     1
Armor: Robe              |    19 |    12 |    17 |     9 ||    57
       Steam dragon scal |       |       |       |     9 ||     9
Dodge: Dodged            |    64 |    11 |    66 |    60 ||   201
Block: Other             |       |       |       |    22 ||    22

Table legend: (Time is in decaauts)
 A = Elapsed time spent in this place.
 B = Non-inter-level travel time spent in this place.
 C = Inter-level travel time spent in this place.
 D = Time resting spent in this place.
 E = Time spent auto-exploring this place.
 F = Levels seen in this place.
 G = Mean time per level.
                   A        B        C        D        E       F      G
               +--------+--------+--------+--------+--------+-----+--------+
         Total |   9742 |   9437 |    305 |   1722 |   6162 |  10 |  974.2 |
       Dungeon |   9691 |   9392 |    299 |   1722 |   6125 |   9 | 1076.8 |
        Temple |     51 |     45 |      6 |      0 |     37 |   1 |   51.0 |
               +--------+--------+--------+--------+--------+-----+--------+

Top non-repeatable levels by time:
     D:6: 1684 daAuts
     D:1: 1554 daAuts
     D:2: 1404 daAuts
     D:5: 1289 daAuts
     D:4: 1053 daAuts
     D:7: 923 daAuts
     D:9: 689 daAuts
     D:3: 654 daAuts
     D:8: 437 daAuts
  Temple: 51 daAuts
